 Dungeon Crawl Stone Soup version 0.21-a0-283-g622b906 (webtiles) character file.

74 nono the Charmwright (level 4, -5/35 HPs)
             Began as a Gnoll Skald on Sept 24, 2017.
             Killed by divine providence
             ... invoked by an orc priest
              (8 damage)
             ... on level 3 of the Dungeon.
             The game lasted 00:13:51 (2631 turns).

nono the Charmwright (Gnoll Skald)                  Turns: 2631, Time: 00:13:52

Health: -5/35      AC:  4    Str:  7    XL:     4   Next: 28%
Magic:  3/8        EV:  9    Int:  7    God:
Gold:   89         SH:  6    Dex:  7    Spells: 6/9 levels left

rFire    . . .     SeeInvis .   a - +0 falchion
rCold    . . .     Gourm    .   r - +0 shield
rNeg     . . .     Faith    .   b - +0 leather armour
rPois    .         Spirit   .   g - +0 helmet
rElec    .         Reflect  .   (no cloak)
rCorr    .         Harm     .   (no gloves)
MR       .....                  (no boots)
Stlth    +.........             (no amulet)
HPRegen  0.11/turn              (no ring)
MPRegen  0.11/turn              (no ring)

@: infused (expiring)
A: unchanging attributes, fangs 1, strong nose
a: no special abilities


You were on level 3 of the Dungeon.
You were very hungry.

You visited 1 branch of the dungeon, and saw 3 of its levels.

You collected 89 gold pieces.

Inventory:

Hand Weapons
 a - a +0 falchion (weapon)
Armour
 b - a +0 leather armour (worn)
 e - a +0 plate armour (quivered)
 f - a +0 chain mail
 g - a +0 helmet (worn)
 r - a +0 shield (worn)
Scrolls
 h - a scroll of enchant weapon {unknown}
 i - 2 scrolls of fog {unknown}
 j - 3 scrolls of identify {unknown}
 m - a scroll of fear {unknown}
 o - a scroll of blinking {unknown}
 p - a scroll of recharging {unknown}
Potions
 k - a potion of curing {unknown}
 l - a potion of cancellation {unknown}
 q - a potion of heal wounds {unknown}
Books
 c - a book of Battle

   Spells                             Type                      Level
   a - Infusion                       Charms                       1
   b - Shroud of Golubria             Charms/Translocation         2
   c - Song of Slaying                Charms                       2
   d - Spectral Weapon                Hexes/Charms                 3
   e - Regeneration                   Charms/Necromancy            3
Comestibles
 d - 3 bread rations
 n - 3 meat rations


   Skills:
 - Level 3.5 Fighting
 - Level 3.3 Long Blades
 - Level 3.4 Armour
 - Level 2.8 Dodging
 + Level 2.1 Shields
 - Level 3.0 Spellcasting
 - Level 4.0 Charms


You had 6 spell levels left.
You knew the following spells:

 Your Spells              Type           Power        Failure   Level  Hunger
a - Infusion              Chrm           #...         45%         1    ##.....
b - Song of Slaying       Chrm           #.......     61%         2    ###....


Dungeon Overview and Level Annotations

Branches:
Dungeon (3/15)

Altars:


Innate Abilities, Weirdness & Mutations

Your physical attributes are unchanging.
You have very sharp teeth.
Your uncanny sense of smell can sniff out nearby items.


Message History

The orc hits you with a club.
You hit the orc priest but do no damage.
Your magical infusion is running out.
The orc priest invokes the aid of Beogh against you.
Beogh smites you! The orc hits you with a club.
The orc priest casts a cantrip, but nothing happens.
You closely miss the orc priest. The orc hits you with a club.
* * * LOW HITPOINT WARNING * * *
The orc priest hits you with a mace!
* * * LOW HITPOINT WARNING * * *
The orc hits you but does no damage.
You hit the orc priest but do no damage.
The orc priest barely misses you.
You riposte.
You hit the orc priest.
The orc priest is lightly wounded.
The orc closely misses you.
You barely miss the orc priest.
The orc priest is lightly wounded.
The orc priest mumbles some strange prayers to Beogh against you.
Beogh smites you!
You die...

#######.(..........#
...................#
#######.....########
∆### #..#### #... #..#
#...######..###########
.#.$..............oo....
........o...>.##########
#.....@o#....###
#...###.#......# ...
#.#......# .
#.#......##### ##
#.#).........# #.
#.#..........# #o
#.##.........###.
#..............K.
####.........###.


You could see an orc priest and an orc.

Vanquished Creatures
  3 adders
  2 worms
  A leopard gecko (D:2)
  An orc (D:3)
  4 bats
  3 giant cockroaches
  4 goblins (D:2)
  6 hobgoblins
  2 quokkas
  3 frilled lizards
  5 kobolds
  3 rats
37 creatures vanquished.

Notes
Turn   | Place    | Note
-------+----------+-------------------------------------------
     0 | D:1      | nono the Gnoll Skald began the quest for the Orb.
     0 | D:1      | Reached XP level 1. HP: 17/17 MP: 4/4
   180 | D:1      | Reached XP level 2. HP: 16/23 MP: 0/6
   380 | D:1      | Learned a level 2 spell: Song of Slaying
   748 | D:2      | Reached XP level 3. HP: 13/29 MP: 2/7
  1827 | D:3      | Reached skill level 1 in Shields
  1827 | D:3      | Reached XP level 4. HP: 9/35 MP: 8/8
  2631 | D:3      | Killed from afar by an orc priest

Vault maps used:
D:1:      moated_graveyard_arrival, serial_glass, glass_columns_b,
          glass_columns_a, glass_columns_c
D:3:      elyvilon_altar_4

Skill      XL: |  1  2  3  4 |
---------------+-------------+-----
Armour         | 2 3 |  3.4
Fighting       | 3 |  3.5
Long Blades    | 3 |  3.3
Shields        | 1 2 |  2.1
Dodging        | |  2.8
Spellcasting   | |  3.0
Charms         | |  4.0

Action                   |  1- 3 |  4- 6 || total
-------------------------+-------+-------++-------
Melee: Falchion          |   149 |    27 ||   176
       Bite              |     3 |     1 ||     4
 Cast: Infusion          |    15 |     5 ||    20
  Use: Potion            |     2 |       ||     2
  Eat: Chunk             |     3 |     2 ||     5
Armor: Leather armour    |    52 |    11 ||    63
       Chain mail        |     5 |       ||     5
Dodge: Dodged            |    80 |    15 ||    95
Block: Shield            |     4 |    11 ||    15
       Rpst.: Falchion   |    27 |     7 ||    34

Table legend:
 A = Spawn XP
 B = Non-spawn XP
 C = Spawn XP percentage of total XP
 D = Spawn monster count
 E = Non-spawn monster count
 F = Spawn count percentage of total count
 G = Total turns spent on level
                    A         B        C        D         E        F      G
               +---------+---------+-------+---------+---------+-------+---------
         Total |       0 |     106 |   0.0 |       0 |      37 |   0.0 |  2631
               +---------+---------+-------+---------+---------+-------+---------
           D:1 |       0 |      22 |   0.0 |       0 |      13 |   0.0 |   830
           D:2 |       0 |      57 |   0.0 |       0 |      17 |   0.0 |  1187
           D:3 |       0 |      27 |   0.0 |       0 |       7 |   0.0 |   614
               +---------+---------+-------+---------+---------+-------+---------
